 Dungeon Sprint DCSS version 0.17.2-1-ge4368a0 (webtiles) character file.

16741 mopl the Executioner (level 12, 12/102 HPs)
             Began as a Deep Dwarf Gladiator on Aug 23, 2016.
             Quit the game in the Dungeon (Sprint V: "Ziggurat Sprint").
             The game lasted 00:04:35 (428 turns).

mopl the Executioner (Deep Dwarf Gladiator)          Turns: 428, Time: 00:04:35

Health: 12/102     AC: 30    Str: 31    XL:     12   Next: 12%
Magic:  8/8        EV:  8    Int:  9    God:
Gold:   0          SH:  0    Dex: 15    Spells: 0 memorised, 11 levels left

rFire  + . .     SeeInvis +     Q - +14 obsidian axe {chop, +Fly Str+3 SInv *Curse} (curse)
rCold  + + .     Clarity  +     n - +5 gold dragon armour
rNeg   + . .     SustAt   .     (no shield)
rPois  +         Gourm    .     c - +0 helmet
rElec  .         Spirit   .     (no cloak)
rCorr  .         Warding  .     (no gloves)
rMut   .         NoTele   +     R - +1 pair of boots of Eternal Vigilance {+Fly Regen+ Stlth+}
MR     +....                    S - amulet "Etukhuorat" {Clar rN+}
Stlth  ..........               O - +6 ring of strength
                                b - ring of protection from cold

@: non-regenerating, studying Invocations, somewhat resistant to hostile
enchantments, extremely unstealthy
A: damage resistance, recharge devices, frail 2, sense surroundings 2, slow
regeneration 3
a: Device Recharging, Evoke Flight


You were in the Dungeon.
You were not hungry.

You visited 1 branch

Inventory:

Hand Weapons
 a - a +0 war axe
 p - a +5 broad axe
 q - a +5 executioner's axe of electrocution
 Q - the cursed +14 obsidian axe (weapon) {chop, +Fly Str+3 SInv *Curse}
   (You found it in the Dungeon)

   It inflicts extra damage upon your enemies.
   It affects your strength (+3).
   It lets you see invisible.
   It lets you fly.
   It may re-curse itself when equipped.
   It has a curse placed upon it.
Missiles
 d - 3 throwing nets (quivered)
Armour
 c - a +0 helmet (worn)
 m - a +5 crystal plate armour
 n - a +5 gold dragon armour (worn)
 o - a +5 storm dragon armour
 R - the +1 pair of boots of Eternal Vigilance (worn) {+Fly Regen+ Stlth+}
   (You found it in the Dungeon)

   It lets you fly.
   It increases your rate of regeneration.
   It makes you more stealthy.
Jewellery
 b - a ring of protection from cold (left hand)
 D - an uncursed ring of protection from fire
 L - a +6 ring of dexterity
 O - a +6 ring of strength (right hand)
 P - the ring "Hotasaun" {Fire rElec}
   (You took it off an anubis guard in the Dungeon)

   [ring of fire]

   It enhances your fire magic, and weakens your ice magic.
   It protects you from fire.
   It makes you vulnerable to cold.
   It insulates you from electricity.
 S - the amulet "Etukhuorat" (around neck) {Clar rN+}
   (You found it in the Dungeon)

   [amulet of clarity]

   It provides mental clarity.
   It protects you from negative energy.
 U - a +3 ring of evasion
Wands
 e - a wand of heal wounds (6)
 G - a wand of disintegration (7)
 H - a wand of fire (5)
 I - a wand of cold (5)
 J - a wand of draining (5)
 M - a wand of hasting (3)
Scrolls
 l - 4 scrolls of blinking
 t - 4 scrolls of amnesia
 u - 4 scrolls of recharging
 v - 8 scrolls of fog
 w - a scroll of holy word
 x - 5 scrolls of identify
 y - 5 scrolls of remove curse
 z - 2 scrolls of fear
 T - 4 scrolls of enchant armour
Potions
 g - 10 potions of curing
 h - 10 potions of heal wounds
 i - 6 potions of haste
 j - 7 potions of magic
 k - 3 potions of berserk rage {!q}
 A - 2 potions of brilliance
 B - 2 potions of invisibility
 C - 4 potions of resistance
 E - 5 potions of agility
 F - 6 potions of might
Books
 N - a manual of Invocations
Miscellaneous
 K - a legendary deck of defence
Comestibles
 f - 5 bread rations
 r - 42 fruits
 s - 4 meat rations


   Skills:
 + Level 14.2 Fighting
 * Level 22.0 Axes
 - Level 1.7 Throwing
 + Level 16.4 Armour
 - Level 3.2 Dodging


You had 11 spell levels left.
You didn't know any spells.

Dungeon Overview and Level Annotations

Branches:
Dungeon (1/1)

Altars:
Ashenzari
Cheibriados
Dithmenos
Elyvilon
Fedhas
Gozag
Kikubaaqudgha
Makhleb
Nemelex Xobeh
Okawaru
Qazlal
Ru
Sif Muna
Trog
Vehumet
Xom
Yredelemnul
Zin
The Shining One
Beogh
Jiyva
Lugonu


Innate Abilities, Weirdness & Mutations

You are resistant to damage.
You can recharge devices by infusing magical energy.
You passively map the area around you.
You do not regenerate naturally.
You are very frail (-20% HP).


Message History

You kill the ice dragon!
Your Axes skill increases to level 22!
Unknown command.
T - a scroll of brand weapon You see here a shapeshifter corpse.
Read which item? (? for menu, Esc to quit)
Brand which weapon? (? for menu, Esc to quit)
As you read the scroll of brand weapon, it crumbles to dust.
Your +5 executioner's axe of flaming crackles with electricity.
q - a +5 executioner's axe of electrocution You see here a glowing shapeshifter corpse.
T - 4 scrolls of enchant armour You see here a phial of floods.
U - a +3 ring of evasion You see here a cursed -2 ring of dexterity.
u - 4 scrolls of recharging (gained 1)
You swap places.
You see here an uncursed staff of fire.
You see here a +1 leather armour of poison resistance.
Are you sure you want to abandon this character and quit the game? (Confirm with "yes".)

, ,,, ,▓..)|.|... , ,, ,
,,, , ▓...=3)... , , ,,
,* , ▓......... , , ***
** ,▓....).... , , , ,
▓...).†... , * ,* ,
,,▓.....)... , *
▓▓▓▓▓▓▓▓▓▓▓▓▓......... ,
▓....8©8....▓......... ,
,,,
▓...4@==)?..▓▓▓▓▓▓▓▓▓▓ ,
,,▓...3.}.....▓...8©8...
* * *
▓...........▓..)[.[4..
,,,,
▓...........▓...))3... ,
, ▓....†††....▓.........
, ▓....†.†....▓.........
, ,
▓..▓....†▓..▓....†.... ,
, ,
▓.▓▓▓...▓▓▓.▓...†..... ,
, ▓..▓.....▓..▓.▓...†.▓.


You could see a friendly rust devil and a friendly smoke demon.

Vanquished Creatures
  An acid blob (D)
  An azure jelly (D)
  A very ugly thing (D)
  2 mummy priests (D)
  An ice dragon (shapeshifter) (D)
  An anaconda (shapeshifter) (D)
  A death drake (shapeshifter) (D)
  2 anubis guards (D)
  An ugly thing (D)
  An eye of devastation (D)
  2 polar bears (D)
  A fire drake (D)
  A jumping spider (D)
  5 slime creatures (D)
  4 spriggans (D)
  A snapping turtle (shapeshifter) (D)
  A spriggan (shapeshifter) (D)
  A flying skull (D)
  A human (shapeshifter) (D)
  A golden eye (D)
  4 air elementals (D)
  A tarantella (D)
  2 neqoxecs (D)
  2 fire elementals (D)
  A naga (shapeshifter) (D)
  An insubstantial wisp (D)
  An ice beast (D)
  4 hell hounds (D)
  2 water moccasins (D)
  3 black bears (D)
  2 necrophages (D)
  A wasp (D)
  2 scorpions (D)
  2 orc priests (D)
  5 jellies (D)
  4 mummies (D)
  An adder (D)
  A white imp (D)
  A giant eyeball (D)
  An ooze (D)
  An adder zombie (D)
  An adder simulacrum (D)
  2 orcs (D)
  A bat skeleton (D)
  2 ball pythons (D)
  A giant cockroach simulacrum (D)
  A giant gecko skeleton (D)
80 creatures vanquished.

Vanquished Creatures (collateral kills)
  A sea snake (shapeshifter) (D)
  A slime creature (D)
  A wind drake (D)
  A fire elemental (D)
  An eye of draining (D)
  A wight (D)
6 creatures vanquished.

Grand Total: 86 creatures vanquished

Notes
Turn   | Place    | Note
--------------------------------------------------------------
     0 | D        | mopl the Deep Dwarf Gladiator began the quest for the Orb.
     0 | D        | Reached XP level 1. HP: 19/19 MP: 1/1
     0 | D        | Found an iron altar of Okawaru.
     0 | D        | Found a radiant altar of Vehumet.
     0 | D        | Found a burning altar of Makhleb.
     0 | D        | Found a shimmering altar of Xom.
     0 | D        | Found a deep blue altar of Sif Muna.
     9 | D        | Found a corrupted altar of Lugonu.
     9 | D        | Found a white marble altar of Elyvilon.
     9 | D        | Found a roughly hewn altar of Beogh.
     9 | D        | Found a sparkling altar of Nemelex Xobeh.
     9 | D        | Found a viscous altar of Jiyva.
     9 | D        | Found a bloodstained altar of Trog.
    40 | D        | Reached skill level 3 in Fighting
    40 | D        | Reached skill level 6 in Axes
    40 | D        | Reached skill level 3 in Armour
    40 | D        | Reached XP level 2. HP: 25/30 MP: 2/2
   119 | D        | Entered arena 1.
   133 | D        | Entered arena 2.
   133 | D        | Noticed a water moccasin
   133 | D        | Noticed a water moccasin
   135 | D        | Killed a water moccasin
   135 | D        | Reached skill level 5 in Fighting
   135 | D        | Reached skill level 8 in Axes
   135 | D        | Reached skill level 5 in Armour
   135 | D        | Reached XP level 3. HP: 30/39 MP: 3/3
   135 | D        | Reached XP level 4. HP: 35/46 MP: 4/4
   137 | D        | Killed a water moccasin
   137 | D        | Reached skill level 10 in Axes
   137 | D        | Reached skill level 6 in Armour
   137 | D        | Reached XP level 5. HP: 40/55 MP: 5/5
   142 | D        | Entered arena 3.
   142 | D        | Noticed an orc priest
   142 | D        | Noticed an orc priest
   147 | D        | Killed an orc priest
   147 | D        | Reached skill level 6 in Fighting
   149 | D        | Killed an orc priest
   149 | D        | Reached skill level 7 in Armour
   149 | D        | Reached XP level 6. HP: 38/62 MP: 6/6
   164 | D        | Entered arena 4.
   164 | D        | Noticed a jumping spider
   164 | D        | Noticed a scorpion
   164 | D        | Noticed a scorpion
   164 | D        | Noticed a tarantella
   167 | D        | Killed a jumping spider
   167 | D        | Reached skill level 7 in Fighting
   167 | D        | Reached skill level 11 in Axes
   167 | D        | Reached skill level 8 in Armour
   167 | D        | Killed a tarantella
   167 | D        | Reached skill level 12 in Axes
   167 | D        | Reached XP level 7. HP: 62/72 MP: 7/7
   169 | D        | Killed a scorpion
   170 | D        | Killed a scorpion
   170 | D        | Reached skill level 9 in Armour
   177 | D        | Entered arena 5.
   177 | D        | Noticed a polar bear
   177 | D        | Noticed an ice beast
   177 | D        | Noticed a polar bear
   183 | D        | Killed a polar bear
   183 | D        | Reached skill level 8 in Fighting
   183 | D        | Reached skill level 13 in Axes
   184 | D        | Killed a polar bear
   184 | D        | Reached XP level 8. HP: 51/82 MP: 8/8
   184 | D        | Killed an ice beast
   191 | D        | Entered arena 6.
   191 | D        | Noticed an air elemental
   191 | D        | Noticed an air elemental
   191 | D        | Noticed a wind drake
   191 | D        | Noticed an insubstantial wisp
   191 | D        | Noticed an air elemental
   191 | D        | Noticed an air elemental
   195 | D        | Killed an air elemental
   195 | D        | Reached skill level 14 in Axes
   195 | D        | Reached skill level 10 in Armour
   198 | D        | Killed an air elemental
   198 | D        | Reached skill level 9 in Fighting
   203 | D        | Killed an air elemental
   205 | D        | Killed an air elemental
   205 | D        | Reached skill level 15 in Axes
   207 | D        | Killed an insubstantial wisp
   209 | D        | Killed a wind drake
   209 | D        | Reached skill level 11 in Armour
   209 | D        | Gained mutation: You passively map the area around you. [Deep Dwarf growth]
   209 | D        | Reached XP level 9. HP: 16/92 MP: 9/9
   225 | D        | Entered arena 7.
   225 | D        | Noticed a wight
   225 | D        | Noticed a necrophage
   225 | D        | Noticed a necrophage
   230 | D        | Killed a necrophage
   231 | D        | Killed a necrophage
   231 | D        | Killed a wight
   241 | D        | Entered arena 8.
   241 | D        | Noticed a spriggan
   241 | D        | Noticed a black bear
   241 | D        | Noticed a spriggan
   241 | D        | Noticed a black bear
   241 | D        | Noticed a spriggan rider
   241 | D        | Noticed a spriggan
   241 | D        | Noticed a black bear
   245 | D        | Killed a spriggan
   246 | D        | Killed a black bear
   246 | D        | Reached skill level 10 in Fighting
   246 | D        | Killed a black bear
   246 | D        | Reached skill level 16 in Axes
   247 | D        | Killed a spriggan
   247 | D        | Killed a black bear
   247 | D        | Killed a spriggan
   247 | D        | Reached skill level 12 in Armour
   250 | D        | Killed a spriggan rider
   250 | D        | Killed a wasp
   250 | D        | Reached skill level 17 in Axes
   255 | D        | Entered arena 9.
   255 | D        | Noticed a hell hound
   255 | D        | Noticed a hell hound
   255 | D        | Noticed a fire drake
   255 | D        | Noticed a fire elemental
   255 | D        | Noticed a fire elemental
   255 | D        | Noticed a fire elemental
   255 | D        | Noticed a hell hound
   256 | D        | Noticed a hell hound
   260 | D        | Killed a hell hound
   261 | D        | Killed a fire elemental
   261 | D        | Killed a fire elemental
   261 | D        | Reached XP level 10. HP: 69/103 MP: 8/8
   261 | D        | Killed a hell hound
   262 | D        | Killed a fire drake
   262 | D        | Reached skill level 11 in Fighting
   262 | D        | Killed a hell hound
   263 | D        | Killed a hell hound
   266 | D        | Killed a fire elemental
   266 | D        | Reached skill level 13 in Armour
   277 | D        | Entered arena 10.
   277 | D        | Noticed an eye of draining
   277 | D        | Noticed a slime creature
   277 | D        | Noticed a jelly
   277 | D        | Noticed a jelly
   277 | D        | Noticed a jelly
   277 | D        | Noticed a slime creature
   277 | D        | Noticed a jelly
   280 | D        | Killed a jelly
   281 | D        | Killed a jelly
   281 | D        | Killed a jelly
   284 | D        | Killed a jelly
   287 | D        | Killed a slime creature
   287 | D        | Killed a slime creature
   287 | D        | Reached skill level 18 in Axes
   288 | D        | Paralysed by a giant eyeball for 4 turns
   294 | D        | Killed an eye of draining
   303 | D        | Entered arena 11.
   303 | D        | Noticed a flying skull
   303 | D        | Noticed a mummy priest
   303 | D        | Noticed a mummy priest
   304 | D        | Noticed an anubis guard
   304 | D        | Noticed an anubis guard
   309 | D        | Killed a flying skull
   318 | D        | Killed a mummy priest
   318 | D        | Killed an anubis guard
   318 | D        | Reached skill level 12 in Fighting
   319 | D        | Noticed a sixfirhy
   322 | D        | Killed a mummy priest
   322 | D        | Reached skill level 19 in Axes
   322 | D        | Reached skill level 14 in Armour
   324 | D        | Killed an anubis guard
   324 | D        | Reached XP level 11. HP: 15/115 MP: 3/9
   329 | D        | Got the ring "Hotasaun" {Fire rElec}
   334 | D        | Entered arena 12.
   334 | D        | Noticed an eye of devastation
   334 | D        | Noticed a golden eye
   334 | D        | Noticed a slime creature
   334 | D        | Noticed a slime creature
   334 | D        | Noticed a slime creature
   335 | D        | Noticed a jelly
   335 | D        | Noticed a slime creature
   335 | D        | Noticed a slime creature
   335 | D        | Noticed an azure jelly
   335 | D        | Noticed a slime creature
   335 | D        | Noticed an acid blob
   339 | D        | Killed a golden eye
   343 | D        | Killed an acid blob
   343 | D        | Reached skill level 20 in Axes
   344 | D        | Killed a jelly
   346 | D        | Killed an azure jelly
   346 | D        | Reached skill level 13 in Fighting
   346 | D        | Reached skill level 15 in Armour
   348 | D        | Killed a slime creature
   349 | D        | Killed a slime creature
   349 | D        | Killed a large slime creature
   350 | D        | Killed an eye of devastation
   351 | D        | Killed a large slime creature
   358 | D        | Got the +1 pair of boots of Eternal Vigilance {+Fly Regen+ Stlth+}
   365 | D        | Got the amulet "Etukhuorat" {Clar rN+}
   378 | D        | Entered arena 13.
   379 | D        | Noticed a spriggan
   379 | D        | Noticed a water nymph
   379 | D        | Noticed a water nymph
   379 | D        | Noticed a redback
   379 | D        | Noticed a human
   380 | D        | Noticed a green very ugly thing
   380 | D        | Noticed a purple ugly thing
   380 | D        | Noticed a neqoxec
   380 | D        | Noticed a neqoxec
   380 | D        | Noticed a sea snake
   380 | D        | Noticed a swamp dragon
   380 | D        | a water nymph changed into a swamp dragon
   380 | D        | Noticed an anaconda
   380 | D        | a water nymph changed into an anaconda
   381 | D        | Noticed a shock serpent
   381 | D        | a redback changed into a shock serpent
   382 | D        | Noticed a deep troll
   382 | D        | a swamp dragon changed into a deep troll
   382 | D        | Gained mutation: You are frail (-10% HP). [a neqoxec]
   383 | D        | Noticed a hill giant
   383 | D        | a merfolk changed into a hill giant
   384 | D        | Killed a human
   385 | D        | Killed a spriggan
   385 | D        | Reached skill level 21 in Axes
   385 | D        | Noticed a death drake
   385 | D        | a shock serpent changed into a death drake
   386 | D        | a hill giant changed into an eye of devastation
   386 | D        | Noticed an eight-headed hydra
   386 | D        | a deep troll changed into an eight-headed hydra
   388 | D        | Noticed a fire crab
   388 | D        | a boulder beetle changed into a fire crab
   389 | D        | Killed an anaconda
   389 | D        | Killed a death drake
   389 | D        | Noticed a ghost crab
   389 | D        | a manticore changed into a ghost crab
   389 | D        | Noticed a catoblepas
   389 | D        | an 11-headed hydra changed into a catoblepas
   389 | D        | Killed a sea snake
   390 | D        | a ghost crab changed into a faun
   390 | D        | Gained mutation: You are very frail (-20% HP). [a neqoxec]
   391 | D        | Killed a green very ugly thing
   391 | D        | Reached skill level 16 in Armour
   391 | D        | Killed a neqoxec
   391 | D        | Reached skill level 14 in Fighting
   391 | D        | Reached XP level 12. HP: 62/102 MP: 8/8
   391 | D        | Killed a purple ugly thing
   392 | D        | Killed a neqoxec
   393 | D        | Noticed a minotaur
   393 | D        | a catoblepas changed into a minotaur
   394 | D        | a fire crab changed into a black mamba
   394 | D        | a minotaur changed into a satyr
   405 | D        | Noticed an ice dragon
   405 | D        | a satyr changed into an ice dragon
   411 | D        | Killed an ice dragon
   411 | D        | Reached skill level 22 in Axes
   428 | D        | Quit the game

Action                   |  1- 3 |  4- 6 |  7- 9 | 10-12 || total
-------------------------+-------+-------+-------+-------++-------
Melee: Broad axe         |    10 |    10 |    39 |    64 ||   123
 Abil: Device Recharging |       |       |     2 |     2 ||     4
Evoke: Wand              |       |     1 |     4 |    10 ||    15
  Use: Potion            |     1 |       |       |       ||     1
       Scroll            |       |       |     1 |     1 ||     2
 Stab: Distracted        |       |       |       |     2 ||     2
